 Dungeon Crawl Stone Soup version 0.28-a0-861-ge64d6db94f (webtiles) character file.

Game seed: 11577940874751038240

65 lunkers the Skirmisher (level 4, 0/36 HPs)
             Began as a Djinni Cinder Acolyte on Nov 15, 2021.
             Was a High Priest of Ignis.
             Slain by an ogre (29 damage)
             ... on level 3 of the Dungeon.
             The game lasted 00:03:22 (2897 turns).

lunkers the Skirmisher (Djinni Cinder Acolyte)      Turns: 2897, Time: 00:03:22

Health: 0/36       AC:  5    Str: 13    XL:     4   Next: 35%
Gold:   112        EV: 10    Int: 17    God:    Ignis [*****.] SH:  3 Dex:  8

rFire   + + +      SeeInvis .   a - -1 short sword (flame)
rCold   x . .      Faith    .   i - +0 buckler
rNeg    . . .      Spirit   .   b - +0 robe
rPois   ∞          Reflect  .   d - +1 helmet
rElec   .          Harm     .   c - +0 cloak
rCorr   .          Rampage  .   (no gloves)
Will    .....                   (boots unavailable)
Stlth   +.........              (no amulet)
HPRegen 0.12/turn               (no ring)
MPRegen 0.00/turn               (no ring)

@: flying, very slightly contaminated
A: sickness immunity, fire resistance 2, cold vulnerability 1, float, innate
caster, hp casting, extra vitality 1
a: Renounce Religion, Sea of Fire, Foxfire Swarm, Rising Flame


You were on level 3 of the Dungeon.
You worshipped Ignis.
Ignis was extremely pleased with you.
You visited 1 branch of the dungeon, and saw 3 of its levels.

You collected 112 gold pieces.

Inventory:

Hand Weapons
 a - a -1 short sword of flaming (weapon)
Armour
 b - a +0 robe (worn)
 c - a +0 cloak (worn)
 d - a +1 helmet (worn)
 i - a +0 buckler (worn)
Scrolls
 e - 2 scrolls of amnesia {unknown}
 f - 4 scrolls of identify {unknown}
 g - a scroll of teleportation {unknown}
 k - a scroll of enchant armour {unknown}
Potions
 h - a potion of lignification {unknown}
 j - a potion of might {unknown}
 l - a potion of berserk rage {unknown}


   Skills:
 + Level 3.6 Fighting
 - Level 2.6 Short Blades
 + Level 0.6 Shields
 * Level 3.3 Spellcasting


You had 6 spell levels left.
You knew the following spells:

 Your Spells              Type           Power      Damage    Failure   Level
a - Shock                 Conj/Air       56%        1d6       6%          1
p - Scorch                Fire           28%        2d6       10%         2
Your spell library was empty.

Dungeon Overview and Level Annotations

Branches:
Dungeon (3/15)

Altars:

Annotations:
D:2 1 runed translucent door, Crazy Yiuf


Innate Abilities, Weirdness & Mutations

You are immune to sickness and miasma.
You are immune to poison.
Your flesh is very heat resistant. (rF++)
You are vulnerable to cold. (rC-)
You float through the air rather than walking.
You learn spells naturally, not from books.
Your magical power is your life essence.
You have superior vitality. (+4 HP)


Message History

* * * LOW HITPOINT WARNING * * *
Casting: Scorch (safe; 10% risk of failure)
Press: ? - help, Q - select action, (/) - cycle Dir - look around, f - activate Flames lash the frilled lizard.
You kill the frilled lizard!
* * * LOW HITPOINT WARNING * * *
Unknown command.
Your magical contamination has completely faded away.
HP restored.
You see here a jackal corpse.
Things that are here:
a jackal corpse; a jackal corpse
Found a stone staircase leading up.
A goblin and an ogre come into view.
Found 27 arrows.
The goblin shouts!
There are monsters nearby!
There are monsters nearby!
There are monsters nearby!
Casting: Scorch (safe; 10% risk of failure)
Press: ? - help, Q - select action, (/) - cycle Dir - look around, f - activate Flames lash the goblin.
You kill the goblin!
Casting: Scorch (safe; 10% risk of failure)
Press: ? - help, Q - select action, (/) - cycle Dir - look around, f - activate You miscast Scorch.
You are very lightly contaminated with residual magic.
Nothing appears to happen.
Casting: Scorch (safe; 10% risk of failure)
Press: ? - help, Q - select action, (/) - cycle Dir - look around, f - activate Flames lash the ogre.
The ogre is lightly wounded.
The ogre's fire resistance burns away.
Casting: Scorch (safe; 10% risk of failure)
Press: ? - help, Q - select action, (/) - cycle Dir - look around, f - activate Flames lash the ogre.
The ogre is burned terribly!
The ogre is moderately wounded.
The ogre hits you with a +0 giant spiked club!!
Ouch! That really hurt!
You die...

P..#### ....<.# ...#.#
#.(#.# #.#.. #).#.#
#.#.# #..#.# #.#.#
#.#.O#.## #.#.#
#....@..# ## #.#.#
#.#####.# .# #.#.# #.
#.# .###.#.## #. #.#####
........####.# #.....#
.###.#.......#####.###.#
####.##.####.......# #.#
................#### #.#
.######>...##†########.#


You could see an ogre (combustible).

Vanquished Creatures
  An adder (D:2)
  An orc (D:2)
  4 ball pythons
  4 bats
  4 endoplasms
  2 giant cockroaches
  4 goblins
  8 hobgoblins
  6 jackals
  4 kobolds
  A quokka (D:1)
  3 frilled lizards
  4 rats
46 creatures vanquished.

Vanquished Creatures (others)
  3 fungi (D:3)
  A plant (D:3)
  4 toadstools (D:3)
8 creatures vanquished.

Grand Total: 54 creatures vanquished

Notes
Turn   | Place    | Note
-------+----------+-------------------------------------------
     0 | D:1      | lunkers the Djinni Cinder Acolyte began the quest for the
                  | Orb.
     0 | D:1      | Reached XP level 1. HP: 20/20 MP: 0/0
   391 | D:1      | Reached XP level 2. HP: 13/25 MP: 0/0
  1121 | D:1      | Reached XP level 3. HP: 24/30 MP: 0/0
  1121 | D:1      | Learned a level 1 spell: Shock
  1698 | D:2      | Found a runed translucent door.
  1699 | D:2      | Noticed Crazy Yiuf
  2420 | D:2      | Reached XP level 4. HP: 27/35 MP: 0/0
  2619 | D:2      | You are sucked into a shaft and drop 1 floor!
  2893 | D:3      | Noticed an ogre
  2897 | D:3      | Slain by an ogre

Illustrated notes

Levels and vault maps discovered:
D:1:      elethiomel_arrival_shortcut, layout_basic, minmay_pentomino_u2
D:2:      layout_basic, uniq_crazy_yiuf_cottage
D:3:      layout_loops_ring, mainiacjoe_overflow_24_doors,
          mainiacjoe_overflow_small_starburst,
          shapermc_ecumenical_altar_rom_forum, minmay_gold_behind_fungi

Skill      XL: |  1  2  3 |
---------------+----------+-----
Spellcasting   | 3 |  3.3
Fighting       | |  3.6
Short Blades   | |  2.6
Shields        | |  0.6

Action                   |  1- 3 |  4- 6 || total
-------------------------+-------+-------++-------
Melee: Short sword       |    19 |       ||    19
 Cast: Scorch            |    38 |    17 ||    55
       Shock             |    28 |     2 ||    30
Armor: Robe              |    10 |       ||    10
Dodge: Dodged            |    22 |     1 ||    23

Table legend: (Time is in decaauts)
 A = Elapsed time spent in this place.
 B = Non-inter-level travel time spent in this place.
 C = Inter-level travel time spent in this place.
 D = Time resting spent in this place.
 E = Time spent auto-exploring this place.
 F = Levels seen in this place.
 G = Mean time per level.
                   A        B        C        D        E       F      G
               +--------+--------+--------+--------+--------+-----+--------+
         Total |   2895 |   2855 |     40 |      0 |   2598 |   3 |  965.0 |
       Dungeon |   2895 |   2855 |     40 |      0 |   2598 |   3 |  965.0 |
               +--------+--------+--------+--------+--------+-----+--------+

Top non-repeatable levels by time:
     D:1: 1604 daAuts
     D:2: 1013 daAuts
     D:3: 277 daAuts
